 Dungeon Crawl Stone Soup version 0.21.1-1-g345015fe64 (webtiles) character file.

5165 Oravi the Transmogrifier (level 10, -10/77 HPs)
             Began as a Merfolk Transmuter on May 3, 2018.
             Was a High Priest of Okawaru.
             Mangled by a cyan ugly thing (15 damage)
             ... on level 9 of the Dungeon.
             The game lasted 00:28:45 (8680 turns).

Oravi the Transmogrifier (Merfolk Transmuter)       Turns: 8680, Time: 00:28:46

Health: -10/77     AC:  2    Str: 20    XL:     10   Next: 59%
Magic:  15/18      EV: 29    Int: 22    God:    Okawaru [*****.]
Gold:   453        SH:  0    Dex: 19    Spells: 6/20 levels left

rFire    . . .     SeeInvis .     - Unarmed
rCold    . . .     Gourm    .   (shield currently unavailable)
rNeg     . . .     Faith    .   (armour currently unavailable)
rPois    x         Spirit   .   (helmet currently unavailable)
rElec    .         Reflect  .   (cloak currently unavailable)
rCorr    .         Harm     .   (gloves currently unavailable)
MR       .....                  (boots currently unavailable)
Stlth    ++........             J - amulet of rage
HPRegen  0.22/turn              O - +5 ring of intelligence
MPRegen  0.16/turn              z - +5 ring of strength

@: mighty, about to teleport, spider-form
A: tiny, (change form in water), (swift swim), (stealthy swim)
a: End Transformation, Heroism, Finesse, Renounce Religion, Evoke Berserk Rage


You were on level 9 of the Dungeon.
You worshipped Okawaru.
Okawaru was extremely pleased with you.
You were very hungry.
You were a venomous arachnid creature.
You visited 2 branches of the dungeon, and saw 10 of its levels.

You collected 453 gold pieces.

Inventory:

Hand Weapons
 M - a +5 quick blade
Missiles
 a - 207 arrows
 f - 198 stones (quivered)
 l - 25 tomahawks
Armour
 b - a +0 robe (melded)
 e - a +2 pair of gloves (melded)
 k - a +1 helmet (melded)
 m - a scarf of spirit shield
 B - a +2 pair of boots (melded)
Jewellery
 h - an uncursed ring of flight
 i - an uncursed ring of magical power
 j - an uncursed ring of see invisible
 u - an uncursed ring of positive energy
 y - a +3 ring of slaying
 z - a +5 ring of strength (right front leg)
 I - an uncursed ring of stealth
 J - an amulet of rage (around neck)
 O - a +5 ring of intelligence (left front leg)
Wands
 s - a wand of paralysis (18)
 w - a wand of flame (32)
 x - a wand of iceblast (7)
 Q - a wand of acid (10)
Scrolls
 g - a scroll of immolation
 t - a scroll of amnesia
 v - a scroll of teleportation
 C - 2 scrolls of magic mapping
 D - a scroll of fear
 F - 3 scrolls of remove curse
 H - a scroll of blinking
 N - 2 scrolls of identify
 P - a scroll of brand weapon {unknown}
Potions
 n - 3 potions of haste
 o - a potion of might
 q - a potion of lignification
 r - 3 potions of flight
 A - a potion of brilliance
 G - a potion of curing
Books
 c - a book of Changes

   Spells                             Type                      Level
   a - Beastly Appendage              Transmutation                1
   b - Sticks to Snakes               Transmutation                2
   c - Spider Form                    Transmutation/Poison         3
   d - Ice Form                       Ice/Transmutation            4
   e - Blade Hands                    Transmutation                5
 p - a book of Necromancy

   Spells                             Type                      Level
   a - Pain                           Necromancy                   1
   b - Animate Skeleton               Necromancy                   1
   c - Vampiric Draining              Necromancy                   3
   d - Regeneration                   Charms/Necromancy            3
   e - Animate Dead                   Necromancy                   4
   f - Borgnjor's Vile Clutch         Necromancy/Earth             5
 E - a book of Debilitation

   Spells                             Type                      Level
   a - Corona                         Hexes                        1
   b - Slow                           Hexes                        2
   c - Inner Flame                    Hexes/Fire                   3
   d - Portal Projectile              Hexes/Translocation          3
   e - Cause Fear                     Hexes                        4
   f - Leda's Liquefaction            Hexes/Earth                  4
 K - a book of Flames

   Spells                             Type                      Level
   a - Flame Tongue                   Conjuration/Fire             1
   b - Throw Flame                    Conjuration/Fire             2
   c - Conjure Flame                  Conjuration/Fire             3
   d - Inner Flame                    Hexes/Fire                   3
   e - Sticky Flame                   Conjuration/Fire             4
   f - Fireball                       Conjuration/Fire             5
 L - a book of Air

   Spells                             Type                      Level
   a - Shock                          Conjuration/Air              1
   b - Swiftness                      Charms/Air                   2
   c - Static Discharge               Conjuration/Air              3
   d - Airstrike                      Air                          4
   e - Lightning Bolt                 Conjuration/Air              5
Comestibles
 d - 22 rations


   Skills:
 + Level 6.7 Fighting
 + Level 8.6 Dodging
 + Level 8.1 Unarmed Combat
 + Level 5.9 Spellcasting
 + Level 9.4 Transmutations
 + Level 4.7 Ice Magic
 - Level 3.0 Poison Magic


You had 6 spell levels left.
You knew the following spells:

 Your Spells              Type           Power        Failure   Level  Hunger
a - Spider Form           Tmut/Pois      ####......   9%          3    #......
b - Sticks to Snakes      Tmut           #####...     2%          2    None
c - Ice Form              Ice/Tmut       #####...     14%         4    ###....
d - Blade Hands           Tmut           #####.....   16%         5    #####..


Dungeon Overview and Level Annotations

Branches:
Dungeon (9/15)             Temple (1/1) D:6
   Lair: D:8-11         Orc: D:9-12

Altars:
Ashenzari
Cheibriados
Dithmenos
Elyvilon
Fedhas
Gozag
Kikubaaqudgha
Makhleb
Nemelex Xobeh
Okawaru
Qazlal
Ru
Sif Muna
Trog
Uskayaw
Vehumet
Wu Jian
Xom
Yredelemnul
Zin
The Shining One

Shops:
D:2 *


Message History

The centaur warrior completely misses you.
The centaur warrior wields an uncursed shortbow.
The centaur warrior shoots an arrow.
The arrow misses you.
You bite the cyan ugly thing!
The cyan ugly thing is lightly wounded.
You feel very mighty all of a sudden. The cyan ugly thing bites you!
* * * LOW HITPOINT WARNING * * *
The cyan ugly thing shocks you!
* * * LOW HITPOINT WARNING * * *
The cyan ugly thing misses you.
The centaur warrior looks more healthy.
The centaur warrior shoots an arrow.
The arrow completely misses you.
You see here an arrow.
You feel like a meek peon again.
As you read the scroll of teleportation, it crumbles to dust.
You feel strangely unstable. The cyan ugly thing bites you!
* * * LOW HITPOINT WARNING * * *
The cyan ugly thing shocks you!
You die...

#..# #..# #..# #..#
#..######### ###
#..........# #.#
##.#######.# ##
##.######.# #.#
#.##.hcus....# ##.####
#....#####..# ###......
#.##.(# #..# #....####
..# #..# #..# #.#.##
##. #..# #..####.#.###
. ########...........#
##
####...............#.#
##.#..#####..####.###.#
##.###.## #..# #.# #.#


You could see a cyan ugly thing, a centaur warrior and a hound.

Vanquished Creatures
  A two-headed ogre (D:9)
  The ghost of Oravi the Transmogrifier, a novice MfTm of Okawaru (D:9)
  Pikel (D:6)
  A troll (D:9)
  A wyvern (D:8)
  A steam dragon (D:8)
  Edmund (D:4)
  An orc warrior (D:6)
  4 ice beasts
  A sky beast (D:5)
  4 ogres
  A phantom (D:4)
  2 necrophages
  The ghost of Ivernyr the Charmwright, an amateur HuSk (D:3)
  5 centaurs
  2 bullfrogs
  A scorpion (D:7)
  2 howler monkeys
  6 crimson imps
  A bullfrog zombie (D:5)
  A centaur zombie (D:6)
  3 orc priests
  A bullfrog skeleton (D:8)
  5 hounds
  A jelly (D:9)
  5 orc wizards
  3 iguanas
  6 worker ants
  3 hound skeletons
  A howler monkey zombie (D:8)
  3 adders
  4 shadow imps
  An ooze (D:2)
  An adder zombie (D:6)
  A worm (D:2)
  5 dart slugs
  4 leopard geckos
  30 orcs
  6 bats
  4 giant cockroaches
  6 goblins
  6 hobgoblins
  4 jackals (D:7)
  8 quokkas
  8 frilled lizards
  A jackal skeleton (D:6)
  11 kobolds
  A quokka skeleton (D:6)
  13 rats
184 creatures vanquished.

Vanquished Creatures (others)
  A slave (D:6)
  A hound (D:6)
  2 orc wizards (D:6)
  2 orcs (D:6)
  A quokka (D:6)
7 creatures vanquished.

Grand Total: 191 creatures vanquished

Notes
Turn   | Place    | Note
-------+----------+-------------------------------------------
     0 | D:1      | Oravi the Merfolk Transmuter began the quest for the Orb.
     0 | D:1      | Reached XP level 1. HP: 15/15 MP: 3/3
   349 | D:1      | Reached skill level 3 in Transmutations
   355 | D:1      | Reached XP level 2. HP: 20/21 MP: 3/5
   730 | D:1      | Reached XP level 3. HP: 13/26 MP: 6/6
   734 | D:1      | Learned a level 2 spell: Sticks to Snakes
   738 | D:1      | Learned a level 3 spell: Spider Form
  1195 | D:2      | Found a radiant altar of Vehumet.
  1195 | D:2      | Found a stormy altar of Qazlal.
  1196 | D:2      | Found a white marble altar of Elyvilon.
  1196 | D:2      | Found an iron altar of Okawaru.
  1217 | D:2      | Became a worshipper of Warmaster Okawaru
  1413 | D:2      | Found a shattered altar of Ashenzari.
  1472 | D:2      | Found Zin's Purification Station.
  1477 | D:2      | Found a glowing silver altar of Zin.
  1553 | D:2      | Reached skill level 4 in Transmutations
  1646 | D:2      | Reached skill level 1 in Poison Magic
  2000 | D:3      | Found an ornate altar of the Wu Jian Council.
  2018 | D:3      | Reached XP level 4. HP: 29/32 MP: 4/7
  2031 | D:3      | Reached XP level 5. HP: 32/37 MP: 2/8
  2449 | D:3      | Noticed Ivernyr's ghost (amateur HuSk)
  2597 | D:3      | Killed Ivernyr's ghost
  2597 | D:3      | Reached skill level 5 in Transmutations
  2597 | D:3      | Reached XP level 6. HP: 37/44 MP: 8/9
  2915 | D:3      | Found a deep blue altar of Sif Muna.
  3006 | D:4      | Noticed Edmund
  3022 | D:4      | Killed Edmund
  3022 | D:4      | Reached * piety under Okawaru
  3022 | D:4      | Reached skill level 5 in Unarmed Combat
  3212 | D:4      | Reached XP level 7. HP: 37/51 MP: 11/11
  3302 | D:4      | Found a glowing golden altar of the Shining One.
  3318 | D:4      | Found a basalt altar of Yredelemnul.
  3682 | D:4      | Noticed an angel
  3718 | D:5      | Entered Level 5 of the Dungeon
  3750 | D:5      | Reached ** piety under Okawaru
  3758 | D:5      | Reached skill level 6 in Transmutations
  3950 | D:5      | Reached skill level 5 in Dodging
  3950 | D:5      | Reached XP level 8. HP: 35/58 MP: 13/13
  4336 | D:5      | Found an iron altar of Okawaru.
  4398 | D:5      | Found a shadowy altar of Dithmenos.
  4657 | D:5      | Reached *** piety under Okawaru
  4657 | D:5      | Reached skill level 7 in Transmutations
  4874 | D:5      | Learned a level 4 spell: Ice Form
  4880 | D:5      | Learned a level 5 spell: Blade Hands
  4978 | D:6      | Reached skill level 1 in Ice Magic
  4978 | D:6      | Reached XP level 9. HP: 45/66 MP: 15/15
  5132 | D:6      | Noticed Pikel
  5143 | D:6      | Killed Pikel
  5143 | D:6      | Reached skill level 5 in Fighting
  5181 | D:6      | Found a staircase to the Ecumenical Temple.
  5263 | Temple   | Entered the Ecumenical Temple
  5725 | D:6      | You fall through a shaft!
  5831 | D:7      | Found a burning altar of Makhleb.
  6094 | D:6      | Found a stormy altar of Qazlal.
  6595 | D:7      | Reached skill level 8 in Transmutations
  6598 | D:7      | Reached **** piety under Okawaru
  7101 | D:8      | Reached skill level 5 in Spellcasting
  7341 | D:8      | HP: 2/69 [something (8)]
  7778 | D:8      | Reached XP level 10. HP: 76/76 MP: 14/18
  8111 | D:9      | Found an ancient bone altar of Kikubaaqudgha.
  8155 | D:9      | Noticed a two-headed ogre
  8164 | D:9      | Killed a two-headed ogre
  8164 | D:9      | Reached ***** piety under Okawaru
  8164 | D:9      | Reached skill level 9 in Transmutations
  8418 | D:9      | Noticed Oravi's ghost (novice MfTm)
  8477 | D:9      | Killed Oravi's ghost
  8477 | D:9      | Received a gift from Okawaru
  8520 | D:9      | Noticed a centaur warrior
  8666 | D:9      | Noticed a cyan ugly thing
  8680 | D:9      | Mangled by a cyan ugly thing

Skill      XL: |  1  2  3  4  5  6  7  8  9 10 |
---------------+-------------------------------+-----
Transmutations | 3 4 5 6 7 8 9 |  9.4
Unarmed Combat | 4 5 6 7 8 |  8.1
Poison Magic   | 1 2 3 |  3.0
Dodging        | 3 5 6 7 8 |  8.6
Fighting       | 2 3 4 6 |  6.7
Spellcasting   | 3 4 5 |  5.9
Ice Magic      | 1 3 4 |  4.7

Action                   |  1- 3 |  4- 6 |  7- 9 | 10-12 || total
-------------------------+-------+-------+-------+-------++-------
Melee: Unarmed           |    98 |   100 |   359 |    79 ||   636
       Headbutt          |     6 |       |       |       ||     6
       Punch             |     1 |       |       |       ||     1
 Cast: Beastly Appendage |    16 |       |       |       ||    16
       Spider Form       |     8 |    20 |    35 |    10 ||    73
       Sticks to Snakes  |       |     4 |       |     4 ||     8
       Ice Form          |       |       |     6 |       ||     6
Invok: Heroism           |       |       |     1 |     2 ||     3
  Use: Scroll            |       |    13 |     5 |     1 ||    19
       Potion            |       |       |     3 |     1 ||     4
 Stab: Sleeping          |     1 |       |       |       ||     1
  Eat: Chunk             |     4 |     8 |    19 |     2 ||    33
Armor: Robe              |     8 |     1 |    10 |       ||    19
       Skin              |     2 |    15 |    21 |     1 ||    39
Dodge: Dodged            |    58 |    57 |   277 |    69 ||   461
